 Dungeon Crawl Stone Soup version 0.20.1-1-g8b1a95d (webtiles) character file.

213634 manyhoops the Wrestler (level 18, -3/178 HPs)
             Began as a Black Draconian Monk on July 30, 2017.
             Was an Elder of Ashenzari.
             Killed by divine providence
             ... invoked by a sphinx
              (13 damage)
             ... on level 1 of the Vaults on July 31, 2017.
             The game lasted 02:00:42 (55454 turns).

manyhoops the Wrestler (Black Draconian Monk)      Turns: 55454, Time: 02:00:42

Health: -3/178     AC: 22    Str: 23    XL:     18   Next: 27%
Magic:  18/18      EV: 21    Int: 13    God:    Ashenzari [****..]
Gold:   2784       SH:  3    Dex: 13    Spells: 5/17 levels left

rFire    . . .     SeeInvis +     - Unarmed
rCold    + . .     Gourm    .   (no shield)
rNeg     . . .     Faith    .   (armour unavailable)
rPois    .         Spirit   .   (helmet restricted)
rElec    +         Reflect  +   S - +2 cloak {rC+} (curse)
rCorr    .         Harm     .   l - +2 pair of gloves (curse)
MR       +....     Clarity  +   j - +2 pair of boots (curse)
Stlth    ++++......             w - +3 amulet of reflection
Regen    0.4/turn               s - +3 ring of protection (curse)
MPRegen  0.2/turn               f - +3 ring of strength (curse)

@: berserk cooldown, flying, invisible
A: breathe lightning, unfitting armour, big wings, claws 1, clarity, electricity
resistance, wild magic 1, no potion heal 1, cold-blooded, AC +10
}: 1/15 runes: decaying
a: Breathe Lightning, Stop Flying, Curse Item, Scrying, Renounce Religion


You were on level 1 of the Vaults.
You worshipped Ashenzari.
Ashenzari was greatly pleased with you.
You were not hungry.

You visited 6 branches of the dungeon, and saw 32 of its levels.
You also visited: Bailey and Ice Cave.

You collected 3232 gold pieces.
You spent 448 gold pieces at shops.

Inventory:

Missiles
 e - a throwing net (quivered)
Armour
 j - a cursed +2 pair of boots (worn)
 l - a cursed +2 pair of gloves (worn)
 r - a scarf of resistance
 S - a cursed +2 cloak of cold resistance (worn)
Jewellery
 f - a cursed +3 ring of strength (right hand)
 s - a cursed +3 ring of protection (left hand)
 w - a +3 amulet of reflection (around neck)
 F - an uncursed ring of protection from magic
 V - an uncursed ring of resist corrosion
Wands
 i - a wand of confusion (34/48)
 k - a wand of flame (17/48)
 A - a wand of iceblast (0/15)
 E - a wand of lightning (6/15)
 H - a wand of acid (7/15)
 Q - a wand of confusion (23/48)
 R - a wand of iceblast (2/15)
 X - a wand of iceblast (6/15)
 Y - a wand of confusion (32/48)
Scrolls
 b - 8 scrolls of immolation
 m - 5 scrolls of amnesia
 t - 11 scrolls of remove curse
 u - a scroll of recharging
 y - 2 scrolls of enchant armour
 D - 9 scrolls of fog
 G - a scroll of blinking
 K - 2 scrolls of silence
 O - 2 scrolls of fear
 P - a scroll of torment
 T - 6 scrolls of magic mapping
 U - 8 scrolls of identify
Potions
 d - 4 potions of agility
 q - 5 potions of brilliance
 x - 3 potions of magic
 B - 4 potions of might
 C - a potion of berserk rage
 I - a potion of resistance
 M - a potion of invisibility
 N - 2 potions of haste
 W - 2 potions of heal wounds
 Z - a potion of lignification
Books
 h - a Necronomicon

   Spells                             Type                      Level
   a - Haunt                          Necromancy/Summoning         7
   b - Borgnjor's Revivification      Necromancy                   8
   c - Death's Door                   Charms/Necromancy            8
   d - Infestation                    Necromancy                   8
   e - Necromutation                  Transmutation/Necromancy     8
 v - a book of Transfigurations

   Spells                             Type                      Level
   a - Irradiate                      Conjuration/Transmutation    5
   b - Statue Form                    Transmutation/Earth          6
   c - Hydra Form                     Transmutation                6
   d - Dragon Form                    Transmutation                7
Miscellaneous
 c - 2 boxes of beasts
Comestibles
 a - 10 bread rations
 g - 13 meat rations
 o - 20 royal jellies


   Skills:
 - Level 20.1 Fighting
 - Level 12.7(14.7) Dodging
 - Level 5.7(8.0) Stealth
 + Level 21.4 Unarmed Combat
 - Level 4.0(6.2) Transmutations


You had 5 spell levels left.
You knew the following spells:

 Your Spells              Type           Power        Failure   Level  Hunger
a - Shroud of Golubria    Chrm/Tloc      #.........   47%         2    ###....
b - Regeneration          Chrm/Necr      #.........   71%         3    ####...
c - Dragon Form           Tmut           ###.......   100%        7    #######


Dungeon Overview and Level Annotations

Branches:
Dungeon (15/15)            Temple (0/1) D:7            Lair (6/6) D:10
  Swamp (4/4) Lair:3       Spider (4/4) Lair:3        Slime (0/5) Lair:6
    Orc (2/2) D:9             Elf (0/3) Orc:2        Vaults (1/5) D:13
 Depths (0/5) D:15

Altars:
Ashenzari
Dithmenos
Hepliaklqana
Kikubaaqudgha
Makhleb
Nemelex Xobeh
Ru
Sif Muna
Trog
Uskayaw
Jiyva

Shops:
D:9 *   Orc:2 [:(!*


Innate Abilities, Weirdness & Mutations

You can breathe wild blasts of lightning.
Your glossy black scales are hard. (AC +10)
You cannot fit into any form of body armour.
Your large and strong wings let you fly indefinitely.
You are resistant to electric shocks. (rElec)
You are cold-blooded and may be slowed by cold attacks.
You have sharp fingernails.
You possess an exceptional clarity of mind.
Your spells are a little harder to cast, but a little more powerful.
Potions are less effective at restoring your health.


Message History

The vault guard hits you but does no damage. x2
You punch the vault guard! You tail-slap the vault guard!
The vault guard is severely wounded.
You feel a little less mighty now.
The vault guard hits you with a great mace!
* * * LOW HITPOINT WARNING * * *
Unknown command.
Your magical effects are unravelling.
You feel magically purged.
You feel yourself speed up.
The sentinel's mark upon you fades away.
The vault guard misses you.
The vault guard hits you with a great mace!
* * * LOW HITPOINT WARNING * * *
A vault warden comes into view.
Ashenzari warns you: It is wielding a dire flail of protection.
You fade into invisibility!
The sphinx casts a spell.
Something smites you!
You die...

... *, ,
,.. ,, *
####'### *
* #(..... ,
,*
#....#,*,,.
*** #....#*
{.. ', ,, ,
#Hp{)# ..,
*, ,,
#p###..p##*
* ,,,
#p@#,,...#,
, , ,
#†###...##*
,, , #)...#
.. * ,, ,
#....#*
..,* ,, ,
#....# ., *
#...... {,
, *,, ,
###'#### **
, , #.. * ,
*.... ** ,


You could see a sphinx, a vault warden and a vault guard.

Vanquished Creatures
  Arachne (Spider:1)
  Rupert (Orc:2)
  3 thorn hunters
  An azure jelly (Swamp:4)
  The ghost of manon the Executioner, a journeyman MiBe of Trog (Spider:1)
  A frost giant (IceCv)
  7 emperor scorpions
  2 vault wardens (Vaults:1)
  2 orc warlords (D:9)
  2 ironheart preservers (Vaults:1)
  A stone giant (Orc:1)
  Nessos (Lair:4)
  2 entropy weavers
  Azrael (D:12)
  2 fire dragons
  Josephine (D:14)
  An ogre mage (Vaults:1)
  A yaktaur captain (Vaults:1)
  The ghost of MRJ the Basher, a journeyman MiFi of the Shining One (Orc:1)
  The ghost of bli the Blocker, a journeyman FoFi of Makhleb (IceCv)
  4 vault guards
  7 hydras
  2 ghost crabs (Swamp:4)
  2 death knights
  11 two-headed ogres
  2 centaur warriors (Vaults:1)
  3 ice dragons
  2 death yaks
  16 alligators
  3 orc high priests
  2 tengu warriors (D:13)
  Nergalle (Lair:3)
  A deep elf knight (Vaults:1)
  The ghost of slacker the Cleaver, a novice MiBe of Trog (D:6)
  A spriggan druid (Swamp:2)
  2 shambling mangroves (Swamp:4)
  3 swamp dragons
  2 unseen horrors
  3 wizards
  A deep elf archer (Vaults:1)
  7 ironbrand convokers (Vaults:1)
  3 deep elf magi
  3 necromancers
  5 orc knights
  16 ugly things
  7 orb spiders
  17 wolf spiders
  2 cyclopes
  2 manticores
  6 orc sorcerers
  An oklob plant (Lair:2)
  3 moths of wrath
  A naga mage (D:15)
  12 black mambas
  A guardian serpent (Lair:6)
  2 ice statues (IceCv)
  Psyche (D:12)
  9 elephants
  A vault sentinel (Vaults:1)
  5 gargoyles
  23 spiny frogs
  4 rime drakes
  5 freezing wraiths
  The ghost of Wacky444 the Scratcher, a novice FeTm of Makhleb (Lair:2)
  2 yaktaurs (Vaults:1)
  A redback zombie (D:15)
  9 komodo dragons
  2 tengu conjurers (D:15)
  10 demonic crawlers
  17 polar bears
  A queen bee (Lair:2)
  16 jumping spiders
  4 tyrant leeches
  8 trolls
  Grinder (D:5)
  25 hornets
  Prince Ribbit (D:5)
  4 bog bodies
  A blink frog (Swamp:1)
  13 hippogriffs
  22 slime creatures
  Sigmund (D:4)
  4 shadows
  A centaur simulacrum (D:15)
  4 wraiths
  69 redbacks
  A water elemental (D:14)
  7 spriggans
  14 wyverns
  32 yaks
  26 tarantellas
  6 fire elementals
  20 humans (D:13)
  Grum (D:9)
  Eustachio (D:4)
  6 basilisks
  2 steam dragons (Lair:6)
  2 hungry ghosts
  2 swamp worm simulacra (Swamp:4)
  5 wargs
  A soldier ant (D:13)
  13 vampire mosquitoes
  Edmund (D:5)
  4 acid dragons
  15 hydra simulacra (Swamp:4)
  23 swamp worms
  13 insubstantial wisps
  23 water moccasins
  4 hell hounds
  8 porcupines
  7 ice beasts
  6 swamp drakes
  2 sky beasts
  46 orc warriors
  3 black bears
  4 phantoms
  The ghost of slacker the Chopper, an amateur MiBe of Trog (D:4)
  12 ogres
  7 boggarts
  18 wolves
  9 centaurs
  9 crocodiles
  3 big kobolds
  A gnoll sergeant (D:7)
  13 bullfrogs
  2 jellies
  4 scorpions
  52 killer bees
  5 wights (D:11)
  10 electric eels
  2 howler monkeys
  10 crimson imps
  A lava snake (Lair:3)
  7 centaur zombies
  A quasit (D:11)
  20 orc priests
  7 hounds
  Crazy Yiuf (D:2)
  7 centaur skeletons
  2 bullfrog skeletons
  5 iguanas
  9 worker ants
  26 orc wizards
  2 hound skeletons
  8 gnolls
  15 adders
  2 shadow imps
  12 white imps (D:12)
  6 swamp drake simulacra (Swamp:4)
  An adder zombie (D:9)
  An adder skeleton (D:7)
  2 worms
  5 dart slugs
  8 leopard geckos
  87 orcs
  A ball python (D:1)
  13 bats
  4 giant cockroaches
  15 goblins
  10 hobgoblins
  10 jackals
  25 kobolds
  7 quokkas
  4 frilled lizards
  A leopard gecko skeleton (D:4)
  A quokka zombie (D:7)
  10 rats
  3 briar patches (Swamp:3)
  A bush (Lair:2)
  3 plants (Lair:6)
1254 creatures vanquished.

Vanquished Creatures (collateral kills)
  An alligator (Swamp:2)
  A black bear (shapeshifter) (Vaults:1)
2 creatures vanquished.

Vanquished Creatures (others)
  A vault sentinel (Vaults:1)
  A bog body (Swamp:4)
  A worker ant (D:12)
  An orc (D:3)
  2 kobolds (Bailey)
  24 fungi
  40 plants
70 creatures vanquished.

Grand Total: 1326 creatures vanquished

Notes
Turn   | Place    | Note
-------+----------+-------------------------------------------
     0 | D:1      | manyhoops the Draconian Monk began the quest for the Orb.
     0 | D:1      | Reached XP level 1. HP: 19/19 MP: 1/1
   175 | D:1      | Reached XP level 2. HP: 18/26 MP: 2/2
   310 | D:1      | Reached skill level 4 in Unarmed Combat
   640 | D:1      | Reached XP level 3. HP: 29/31 MP: 3/3
   911 | D:2      | Found a shattered altar of Ashenzari.
   947 | D:2      | Became a worshipper of Ashenzari the Shackled
   947 | D:2      | Reached * piety under Ashenzari
   947 | D:2      | Reached ** piety under Ashenzari
  1204 | D:2      | Reached XP level 4. HP: 36/38 MP: 4/4
  1227 | D:2      | Reached skill level 5 in Unarmed Combat
  1292 | D:2      | Found a shadowy altar of Dithmenos.
  1304 | D:2      | Found a faded altar of an unknown god.
  1652 | D:2      | Found a runed door.
  1657 | D:2      | Noticed Crazy Yiuf
  1660 | D:2      | Killed Crazy Yiuf
  1788 | D:3      | Reached XP level 5. HP: 11/45 MP: 5/5
  1948 | D:3      | Reached skill level 6 in Unarmed Combat
  2882 | D:4      | Reached XP level 6. HP: 41/51 MP: 6/6
  2929 | D:4      | Reached skill level 7 in Unarmed Combat
  3061 | D:4      | Found a deep blue altar of Sif Muna.
  3062 | D:4      | Found a sacrificial altar of Ru.
  3064 | D:4      | Found an ancient bone altar of Kikubaaqudgha.
  3065 | D:4      | Found a hazy altar of Hepliaklqana.
  3065 | D:4      | Found a hide-covered altar of Uskayaw.
  3075 | D:4      | Noticed Eustachio
  3470 | D:4      | Noticed slacker's ghost (amateur MiBe)
  3487 | D:4      | Killed slacker's ghost
  4175 | D:4      | Killed Eustachio
  4175 | D:4      | Reached skill level 8 in Unarmed Combat
  4175 | D:4      | Your scales start taking on a glossy black colour.
  4175 | D:4      | Reached XP level 7. HP: 31/57 MP: 7/7
  4175 | D:4      | Gained mutation: You are resistant to electric shocks. (rElec) [Black Draconian growth]
  4237 | D:5      | Entered Level 5 of the Dungeon
  4532 | D:5      | Noticed Edmund
  4535 | D:5      | Noticed Prince Ribbit
  4538 | D:5      | Noticed Grinder
  4556 | D:5      | Killed Edmund
  4556 | D:5      | Reached skill level 9 in Unarmed Combat
  4604 | D:5      | Noticed Sigmund
  4625 | D:4      | Killed Sigmund
  4653 | D:5      | Reached XP level 8. HP: 48/63 MP: 8/8
  4692 | D:5      | Reached skill level 10 in Unarmed Combat
  4792 | D:5      | Found a shattered altar of Ashenzari.
  4871 | D:5      | Found a bloodstained altar of Trog.
  4939 | D:5      | Killed Grinder
  4939 | D:5      | Reached skill level 11 in Unarmed Combat
  4943 | D:5      | Killed Prince Ribbit
  5247 | D:6      | Reached XP level 9. HP: 59/71 MP: 9/9
  5360 | D:6      | Reached *** piety under Ashenzari
  5362 | D:6      | Noticed slacker's ghost (novice MiBe)
  5418 | D:6      | Killed slacker's ghost
  5422 | D:6      | Gained mutation: Your flesh is heat resistant. (rF+) [potion of mutation]
  5422 | D:6      | Gained mutation: You are clumsy. (Dex -2) [potion of mutation]
  5422 | D:6      | Gained mutation: You have supernaturally acute eyesight. (SInv) [potion of mutation]
  6161 | D:7      | Found a staircase to the Ecumenical Temple.
  6755 | D:7      | Reached skill level 10 in Fighting
  7002 | D:8      | Reached XP level 10. HP: 76/93 MP: 10/10
  7252 | D:8      | Reached skill level 12 in Unarmed Combat
  7524 | D:8      | Reached **** piety under Ashenzari
  7775 | D:9      | Found a flagged portal.
  7788 | Bailey   | Entered a bailey
  7808 | Bailey   | Noticed an orc knight
  7812 | Bailey   | Noticed an orc knight
  7818 | Bailey   | Killed an orc knight
  7824 | Bailey   | Killed an orc knight
  7824 | Bailey   | Reached skill level 13 in Unarmed Combat
  8098 | D:9      | Noticed Grum
  8117 | D:9      | Killed Grum
  8457 | D:9      | Noticed a two-headed ogre
  8580 | D:9      | Found a burning altar of Makhleb.
  8582 | D:9      | Found Beomeris's Wicked Wares.
  8713 | D:9      | Noticed a two-headed ogre
  8721 | D:9      | Killed a two-headed ogre
  8721 | D:9      | Reached skill level 14 in Unarmed Combat
  8721 | D:9      | Reached XP level 11. HP: 51/101 MP: 11/11
  8804 | D:9      | Noticed a two-headed ogre
  9423 | D:9      | Killed a two-headed ogre
  9428 | D:9      | Killed a two-headed ogre
  9538 | D:9      | Found a staircase to the Orcish Mines.
  9651 | D:10     | Entered Level 10 of the Dungeon
  9739 | D:10     | Found a staircase to the Lair.
  9752 | D:10     | Reached skill level 15 in Unarmed Combat
 10346 | D:10     | Noticed a two-headed ogre
 10355 | D:10     | Killed a two-headed ogre
 10809 | D:11     | Reached skill level 5 in Dodging
 11078 | Lair:1   | Entered Level 1 of the Lair of Beasts
 11652 | Lair:2   | Noticed Wacky444's ghost (novice FeTm)
 11659 | Lair:2   | Killed Wacky444's ghost
 11733 | Lair:2   | Reached XP level 12. HP: 81/107 MP: 12/12
 12967 | Lair:2   | Noticed an eight-headed hydra
 13245 | Lair:2   | Reached skill level 10 in Dodging
 13735 | Lair:2   | Killed an eight-headed hydra
 15628 | Lair:3   | Noticed Nergalle
 15635 | Lair:3   | Killed Nergalle
 15703 | Lair:3   | Found a staircase to the Swamp.
 15888 | Lair:3   | Found a hole to the Spider Nest.
 16220 | Lair:4   | Noticed a six-headed hydra
 16225 | Lair:4   | Noticed Nessos
 16340 | Lair:4   | Reached skill level 16 in Unarmed Combat
 16340 | Lair:4   | Reached XP level 13. HP: 105/114 MP: 13/13
 16378 | Lair:4   | Reached ***** piety under Ashenzari
 17056 | Lair:4   | Killed Nessos
 18050 | Lair:5   | Reached skill level 17 in Unarmed Combat
 18434 | Lair:6   | Entered Level 6 of the Lair of Beasts
 18912 | Lair:6   | Noticed a fire dragon
 19152 | Lair:6   | Killed a fire dragon
 19860 | Lair:6   | Paralysed by a hornet for 1 turns
 20959 | Lair:6   | Gained mutation: Your large and strong wings let you fly indefinitely. [Black Draconian growth]
 20959 | Lair:6   | Reached XP level 14. HP: 82/129 MP: 14/14
 22611 | Lair:6   | Found a viscous altar of Jiyva.
 22612 | Lair:6   | Found a staircase to the Slime Pits.
 23340 | D:12     | Noticed Psyche
 23346 | D:12     | Killed Psyche
 23375 | D:12     | Found a frozen archway.
 23422 | IceCv    | Entered an ice cave
 23657 | IceCv    | Reached skill level 15 in Fighting
 23877 | IceCv    | Noticed bli's ghost (journeyman FoFi)
 23901 | IceCv    | Killed bli's ghost
 24151 | IceCv    | Noticed a frost giant
 24165 | IceCv    | Killed a frost giant
 24651 | D:12     | Noticed Azrael
 26002 | D:12     | Found a sparkling altar of Nemelex Xobeh.
 26130 | D:12     | Killed Azrael
 27275 | D:13     | Reached XP level 15. HP: 138/147 MP: 15/15
 27277 | D:13     | Found a gate to the Vaults.
 27331 | D:13     | HP: 7/147 [vault guard/enchanted dire flail (24)]
 29073 | D:14     | Noticed Josephine
 29078 | D:14     | Killed Josephine
 29557 | D:15     | Entered Level 15 of the Dungeon
 29643 | D:15     | Found a hazy altar of Hepliaklqana.
 29841 | D:15     | Reached skill level 18 in Unarmed Combat
 30261 | D:15     | Found a staircase to the Depths.
 30611 | Orc:1    | Entered Level 1 of the Orcish Mines
 30819 | Orc:1    | Noticed MRJ's ghost (journeyman MiFi)
 30844 | Orc:1    | Killed MRJ's ghost
 30850 | Orc:1    | Noticed an orc warlord
 31106 | D:9      | Killed an orc warlord
 31509 | Orc:2    | Entered Level 2 of the Orcish Mines
 31509 | Orc:2    | Found a staircase to the Elven Halls.
 31603 | Orc:2    | Noticed an orc warlord
 31901 | D:9      | Killed an orc warlord
 32305 | Orc:2    | Found Jaizoimp's Distillery.
 32312 | Orc:2    | Bought a potion of might for 48 gold pieces
 32312 | Orc:2    | Bought a potion of agility for 48 gold pieces
 32312 | Orc:2    | Bought a potion of might for 48 gold pieces
 32718 | Orc:2    | Found Myaxkeck's Antique Weapon Boutique.
 32768 | Orc:2    | Reached skill level 19 in Unarmed Combat
 32786 | Orc:2    | Found Woynkuk's General Store.
 32794 | Orc:2    | Bought a potion of agility for 64 gold pieces
 32794 | Orc:2    | Bought a scroll of blinking for 120 gold pieces
 32794 | Orc:2    | Bought a scroll of blinking for 120 gold pieces
 33019 | Orc:1    | HP: 3/147 [stone giant (28)]
 33022 | Orc:1    | HP: 1/147 [stone giant (16)]
 34403 | Orc:2    | Found Osyfriga's Book Shop.
 34429 | Orc:2    | Found Pyneh's Antique Armour Emporium.
 34642 | Orc:2    | Noticed Rupert
 34657 | Orc:2    | Killed Rupert
 35307 | Swamp:1  | Entered Level 1 of the Swamp
 35470 | Swamp:1  | Reached XP level 16. HP: 147/155 MP: 16/16
 36675 | Swamp:2  | Noticed a thorn hunter
 36964 | Swamp:2  | Paralysed by a hornet for 2 turns
 37391 | Swamp:2  | Killed a thorn hunter
 38308 | Swamp:3  | Noticed a thorn hunter
 38432 | Swamp:2  | Killed a thorn hunter
 38432 | Swamp:2  | Reached skill level 20 in Unarmed Combat
 39963 | Swamp:3  | Noticed a thorn hunter
 39980 | Swamp:3  | Killed a thorn hunter
 40510 | Swamp:3  | Learned a level 2 spell: Shroud of Golubria
 40709 | Swamp:4  | Entered Level 4 of the Swamp
 41119 | Swamp:4  | Reached skill level 5 in Stealth
 43811 | Swamp:4  | Got a decaying rune of Zot
 44051 | Swamp:2  | Reached XP level 17. HP: 162/166 MP: 17/17
 44159 | Spider:1 | Entered Level 1 of the Spider Nest
 44218 | Spider:1 | Learned a level 3 spell: Regeneration
 44443 | Spider:1 | Noticed manon's ghost (journeyman MiBe)
 44464 | Spider:1 | Killed manon's ghost
 46021 | Spider:2 | Noticed Arachne
 46298 | Spider:1 | Killed Arachne
 49601 | Spider:3 | Learned a level 7 spell: Dragon Form
 49672 | Spider:3 | Reached skill level 1 in Transmutations
 50557 | Spider:2 | Lost mutation: You are clumsy. (Dex -2) [potion of mutation]
 50557 | Spider:2 | Lost mutation: You have supernaturally acute eyesight. (SInv) [potion of mutation]
 50557 | Spider:2 | Lost mutation: Your flesh is heat resistant. (rF+) [potion of mutation]
 50557 | Spider:2 | Gained mutation: Your spells are a little harder to cast, but a little more powerful. [potion of mutation]
 50557 | Spider:2 | Gained mutation: Potions are less effective at restoring your health. [potion of mutation]
 50557 | Spider:2 | Gained mutation: Your flesh is heat resistant. (rF+) [potion of mutation]
 50557 | Spider:2 | Gained mutation: You are somewhat resistant to further mutation. [potion of mutation]
 50558 | Spider:2 | Lost mutation: You are somewhat resistant to further mutation. [potion of mutation]
 50558 | Spider:2 | Lost mutation: Your flesh is heat resistant. (rF+) [potion of mutation]
 50558 | Spider:2 | Gained mutation: Your body sometimes deteriorates upon taking damage. [potion of mutation]
 50558 | Spider:2 | Gained mutation: Your muscles are strong. (Str +2) [potion of mutation]
 50559 | Spider:2 | Lost mutation: Your body sometimes deteriorates upon taking damage. [potion of mutation]
 50559 | Spider:2 | Lost mutation: Your muscles are strong. (Str +2) [potion of mutation]
 50559 | Spider:2 | Gained mutation: You have sharp fingernails. [potion of mutation]
 50559 | Spider:2 | Gained mutation: You possess an exceptional clarity of mind. [potion of mutation]
 51794 | Spider:4 | Entered Level 4 of the Spider Nest
 53690 | Vaults:1 | Entered Level 1 of the Vaults
 54460 | Vaults:1 | Reached XP level 18. HP: 174/178 MP: 18/18
 54965 | Vaults:1 | Reached skill level 21 in Unarmed Combat
 55454 | Vaults:1 | Killed from afar by a sphinx

Skill      XL: |  1  2  3  4  5  6  7  8  9 10 11 12 13 14 15 16 17 18 |
---------------+-------------------------------------------------------+-----
Unarmed Combat | 4 5 6 8 9 11 14 15 16 17 19 20 21 | 21.4
Fighting       | 4 10 13 17 18 20 | 20.1
Dodging        | 7 11 12 | 12.7
Stealth        | 5 |  5.7
Transmutations | 4 |  4.0

Action                   |  1- 3 |  4- 6 |  7- 9 | 10-12 | 13-15 | 16-18 || total
-------------------------+-------+-------+-------+-------+-------+-------++-------
Melee: Unarmed           |   167 |   260 |   298 |   875 |  1785 |  1626 ||  5011
       Tailslap          |    16 |    31 |    38 |   119 |   260 |   270 ||   734
       Punch             |     1 |       |    10 |    54 |   150 |   180 ||   395
Throw: Throwing net      |       |       |       |     1 |       |       ||     1
Invok: Curse Item        |       |       |     2 |     1 |     1 |     2 ||     6
       Scrying           |       |       |       |     3 |     7 |     9 ||    19
 Abil: Breathe Lightning |       |       |     6 |    21 |    33 |    10 ||    70
       Fly               |       |       |       |       |     1 |       ||     1
Evoke: Wand              |       |       |       |     8 |    12 |       ||    20
  Use: Scroll            |     4 |     9 |     2 |    12 |    20 |    12 ||    59
       Potion            |       |     5 |     3 |     3 |    12 |    23 ||    46
 Stab: Sleeping          |     2 |     8 |     3 |     8 |     2 |     5 ||    28
       Distracted        |       |     1 |       |     2 |     2 |     2 ||     7
       Invisible         |       |       |     1 |       |       |       ||     1
       Held in net/web   |       |       |       |     2 |       |     1 ||     3
  Eat: Chunk             |     1 |     3 |    10 |    11 |    43 |    10 ||    78
       Meat ration       |       |     1 |       |     3 |     1 |     1 ||     6
       Fruit             |       |     2 |       |     3 |    18 |     6 ||    29
       Bread ration      |       |       |       |     1 |     2 |     8 ||    11
       Royal jelly       |       |       |       |       |       |     4 ||     4
Armor: Skin              |    45 |    86 |    85 |   248 |   522 |   481 ||  1467
Dodge: Dodged            |   122 |   177 |   158 |   685 |  1162 |  1151 ||  3455
Block: Other             |       |       |       |    77 |   167 |   166 ||   410
       Reflection        |       |       |       |     7 |     3 |     1 ||    11
